 Dungeon Crawl Stone Soup version 0.20.0-15-g7f486f2 (webtiles) character file.

149 vishdafish the Shield-Bearer (level 5, 0/32 HPs)
             Began as a Gargoyle Fighter on June 25, 2017.
             Slain by an orc priest
             ... wielding a +0 trident
              (4 damage)
             ... on level 3 of the Dungeon.
             The game lasted 00:02:55 (1670 turns).

vishdafish the Shield-Bearer (Gargoyle Fighter)     Turns: 1670, Time: 00:02:56

Health: 0/32       AC: 12    Str: 20    XL:     5   Next: 31%
Magic:  5/5        EV:  7    Int:  9    God:
Gold:   247        SH:  9    Dex:  9    Spells: 4/4 levels left

rFire    . . .     SeeInvis .   w - +2 mace (holy)
rCold    + . .     Gourm    .   c - +0 shield
rNeg     + . .     Faith    .   b - +0 scale mail
rPois    ∞         Spirit   .   t - +0 helmet
rElec    +         Reflect  .   (no cloak)
rCorr    .         Harm     .   (no gloves)
MR       .....                  (no boots)
Stlth    ..........             (no amulet)
Regen    0.1/turn               g - ring of protection from cold
MPRegen  0.1/turn               (no ring)

@: no status effects
A: negative energy resistance 1, electricity resistance, unbreathing,
petrification resistance, rot immunity, AC +4
a: no special abilities


You were on level 3 of the Dungeon.
You were hungry.

You visited 1 branch of the dungeon, and saw 3 of its levels.

You collected 247 gold pieces.

Inventory:

Hand Weapons
 a - a +0 flail
 w - a +2 mace of holy wrath (weapon)
Armour
 b - a +0 scale mail (worn)
 c - a +0 shield (worn)
 t - a +0 helmet (worn)
Jewellery
 g - a ring of protection from cold (left hand)
Scrolls
 h - 4 scrolls of identify {unknown}
 l - 3 scrolls of teleportation {unknown}
 m - a scroll of magic mapping {unknown}
 n - a scroll of enchant weapon {unknown}
 o - a scroll of amnesia {unknown}
 q - a scroll of remove curse {unknown}
 s - 3 scrolls of recharging {unknown}
 v - a scroll of immolation {unknown}
Potions
 d - a potion of might
 e - 3 potions of haste {unknown}
 i - a potion of invisibility {unknown}
 j - a potion of heal wounds {unknown}
 k - a potion of brilliance {unknown}
 r - a potion of flight {unknown}
 u - 2 potions of curing {unknown}
Comestibles
 f - 3 bread rations
 p - a royal jelly


   Skills:
 + Level 3.6 Fighting
 + Level 3.2 Maces & Flails
 + Level 4.0 Armour
 + Level 0.7 Dodging
 + Level 4.7 Shields


You had 4 spell levels left.
You didn't know any spells.

Dungeon Overview and Level Annotations

Branches:
Dungeon (3/15)

Altars:
Xom


Innate Abilities, Weirdness & Mutations

You are resistant to torment.
Your stone body is resilient. (AC +4)
You are immune to poison.
You resist negative energy. (rN+)
You are resistant to electric shocks. (rElec)
You can survive without breathing.
You are immune to petrification.
You are immune to rotting.


Message History

You are too injured to fight recklessly!
You are too injured to fight recklessly!
You are too injured to fight recklessly!
You are too injured to fight recklessly!
You are too injured to fight recklessly!
You are too injured to fight recklessly!
You are too injured to fight recklessly!
You are too injured to fight recklessly!
You closely miss the orc priest.
The orc priest is heavily wounded.
The orc priest hits you but does no damage.
You sock the orc priest!
The orc priest is almost dead.
The orc priest invokes the aid of Beogh against you.
Beogh smites you!
* * * LOW HITPOINT WARNING * * *
Your scale mail prevents you from hitting the orc priest.
The orc priest is almost dead.
The orc priest hits you with a trident.
You die...

#.###.## #.# #.# #.
#.# #.# #.#
######### #
........######.##.#
#....$....)@oo...#
.#
#.####.######o####
#.# #.# # #.# #.#
#.#### #.# ......
#.# #.##### #.#
#.###.## #.#
.<##...## #.#


You could see an orc priest and 2 orcs.

Vanquished Creatures
  6 adders
  A worm (D:3)
  2 dart slugs (D:1)
  3 leopard geckos
  4 orcs (D:3)
  7 bats
  7 giant cockroaches
  3 goblins
  7 hobgoblins
  10 jackals
  6 frilled lizards
  9 kobolds
  16 rats
81 creatures vanquished.

Notes
Turn   | Place    | Note
-------+----------+-------------------------------------------
     0 | D:1      | vishdafish the Gargoyle Fighter began the quest for the Orb.
     0 | D:1      | Reached XP level 1. HP: 14/14 MP: 1/1
    62 | D:1      | Reached XP level 2. HP: 9/19 MP: 2/2
   348 | D:1      | Reached XP level 3. HP: 18/23 MP: 3/3
   744 | D:2      | Reached XP level 4. HP: 24/28 MP: 4/4
   849 | D:2      | Found a shimmering altar of Xom.
  1381 | D:3      | Reached XP level 5. HP: 21/32 MP: 5/5
  1670 | D:3      | Slain by an orc priest

Skill      XL: |  1  2  3  4  5 |
---------------+----------------+-----
Shields        | 4 |  4.7
Maces & Flails | 3 |  3.2
Armour         | 4 |  4.0
Fighting       | |  3.6
Dodging        | |  0.7

Action                   |  1- 3 |  4- 6 || total
-------------------------+-------+-------++-------
Melee: Flail             |   188 |   174 ||   362
       Mace              |       |     7 ||     7
  Eat: Chunk             |       |     3 ||     3
Armor: Scale mail        |   140 |    89 ||   229
Dodge: Dodged            |    93 |    79 ||   172
Block: Shield            |   138 |   121 ||   259
